TKirby, chaotic male elven Wizard ------- |.....| -.....| |.....| ----- |.....| |....# .h%.. |...|# -@- #....|# #f###### #-----# # #### # ## # # -------|-------# ## |..............# # |.............| ### ----------- |.............| # # ---.- |..^......| |.............-## ###|>..| #..........| --------------- #.....#####|....<....| |...| ----------- ----- TKirby the Evoker Experience level: 2 Strength: 12 Dexterity: 16 Constitution: 13 Intelligence: 15 Wisdom: 9 Charisma: 10 Health: 0(20) Energy: 19(28) Def: 1 Gold: 276 Moves: 1033 Dungeon seed: LfbEvVnH-eFI0kLa Game ID: TKirby_1507570958 Your Inventory: Coins $ - 276 gold pieces Weapons a - a blessed +1 quarterstaff (weapon in hands) s - a +0 orcish dagger (alternate weapon; not wielded) Armor e - an uncursed +0 cloak of magic resistance (being worn) Comestibles o - an uncursed strawberry Scrolls i - an uncursed scroll of enchant weapon j - an uncursed scroll of create monster k - an uncursed scroll of light q - a blessed scroll of enchant weapon v - an uncursed scroll of identify Spellbooks l - a blessed spellbook of force bolt m - an uncursed spellbook of extra healing t - an uncursed spellbook of protection Potions g - an uncursed potion of invisibility h - an uncursed potion of oil p - an uncursed potion of water r - an uncursed potion of healing u - an uncursed potion of enlightenment Rings c - an uncursed ring of poison resistance d - an uncursed ring of invisibility Wands b - a wand of striking (0:8) w - a wand of digging (0:8) Tools n - an uncursed bugle x - an uncursed skeleton key Gems y - an uncursed worthless piece of violet glass Spells and supernatural/magical abilities: Name Level Category Fail Memory a - force bolt 1 attack 0% 95% p - protection 1 clerical 0% 99% x - extra healing 3 healing 100% 95% W - pray for help -- divine ? -- Your skills at the end: Fighting Skills Weapon Skills quarterstaff [Basic] Spellcasting Skills attack spells [Basic] enchantment spells [Basic] Final Attributes: You were piously aligned. You were magic-protected. You had infravision. You are dead. Vanquished creatures: 8 jackals 2 goblins 2 sewer rats 2 grid bugs 2 lichens a kobold zombie 17 creatures vanquished. Voluntary challenges: You followed a strict vegan diet. You were an atheist. You used a wielded weapon 16 times, starting on turn 268. You read items or engraved 3 times, starting on turn 685. You never genocided any monsters. You never polymorphed an object. You never changed form. You used no wishes. You never split a pudding. You never wrote Elbereth's name. You never violated your personal moral code. Dungeon overview: The Dungeons of Doom: levels 1 to 3 Level 1 some fountains a long staircase Level 2 a general store, some fountains Level 3 <- You were here History has recorded: On T:1 you entered the Dungeons of Doom to retrieve the Amulet of Yendor! On T:416 you reached level 2 of The Dungeons of Doom. On T:932 you reached level 3 of The Dungeons of Doom. On T:1032 you advanced to experience level 2. Score breakdown: Gold: 276 ( 8308 points) Experience: 2 levels ( 5570 points) Exploration: 3 levels ( 6.25%) ( 6188 points) Discoveries: 1 item ( 0.36%) ( 1799 points) Valuables value: (no points given unless you survive) Artifact value: 0 ( 0 points) Variety of kills: 6 monsters ( 1.57%) ( 3764 points) Turncount: 1033 turns ( 0 points) Survival: died (score multiplied by 80%) Total score: 20503 Latest messages: WHAMMM!!! You succeed in unlocking the door. The door opens. You hit the goblin. (2x) The goblin hits! The spell hits the goblin. You kill the goblin! You are now wielding your quarterstaff. s - a crude dagger (alternate weapon; not wielded). There is an open door here. There are a few objects here. The hobbit wields an elven dagger! You destroy the kobold zombie! Welcome to experience level 2. The hobbit thrusts her elven dagger. The hobbit hits! You stop. Maple is in the way! The hobbit thrusts her elven dagger. The hobbit hits! You die... Final status: Goodbye TKirby the Wizard, killed by a hobbit... You died in The Dungeons of Doom on dungeon level 3 with 20503 points, and 276 pieces of gold, after 1033 moves. You were level 2 with a maximum of 20 hit points when you died.